AoeStats
← 用户1623433

Arena

504476824Analyzed
4v4 RM · 28d ago on Sep 5, 2026· 53m 22s· 8 players
Game mode
Random Map
Map size
Large (8 player)
Population
200
Speed
Normal
Resources
Standard
Victory
Conquest
Starting age
Dark Age
Ending age
Imperial Age
RankedLock teamsTeams togetherTeam positionsShared explorationLock speedFull tech treeHidden civsTurbo modeCheats
Victory
Defeat
🇫🇮 Gurjaras · Finland
1298
+9
🇷🇺 Italians · Russia
1129
+15
🇫🇮 Britons · Finland
1031
+19
🇫🇮 Magyars · Finland
998
+21
🇨🇳 Khmer · China
1160
-18
🇻🇳 Shu · Vietnam
1125
-16
🇨🇳 Cumans · China
1111
-16
🇨🇱 Koreans · Chile
1063
-14
Puzotron
11:07 Feudal Age
16:04 Castle Age
18:21 Fletching
18:35 Padded Archer Armor
18:13 Crossbowman
20:42 Double-Bit Axe
20:39 Horse Collar
20:57 Bodkin Arrow
27:47 Thumb Ring
30:23 Ballistics
34:14 Imperial Age
31:39 Loom
32:27 Leather Archer Armor
33:17 Bow Saw
33:08 Heavy Plow
33:11 Stone Mining
33:14 Gold Mining
34:26 Wheelbarrow
35:58 Chemistry
35:05 Bracer
36:19 Ring Archer Armor
36:49 Elite Genoese Crossbowman
39:46 Squires
39:31 Arson
40:02 Forging
39:53 Scale Mail Armor
42:00 Chain Mail Armor
42:21 Iron Casting
41:45 Murder Holes
41:31 Treadmill Crane
44:20 Plate Mail Armor
44:58 Blast Furnace
PIKKUBIBIS
12:03 Feudal Age
12:32 Horse Collar
15:23 Double-Bit Axe
19:29 Castle Age
20:03 Wheelbarrow
19:59 Gold Mining
20:46 Scale Barding Armor
20:58 Bow Saw
21:38 Heavy Plow
24:02 Bloodlines
28:06 Hand Cart
32:51 Gold Shaft Mining
32:42 Chain Barding Armor
35:05 Stone Mining
Sunday x Junior
10:33 Feudal Age
9:54 Loom
11:36 Double-Bit Axe
11:33 Horse Collar
15:18 Castle Age
14:52 Scale Barding Armor
16:19 Bow Saw
16:31 Bloodlines
24:42 Heavy Plow
28:07 Forging
30:39 Chain Barding Armor
34:00 Iron Casting
43:43 Light Cavalry
44:24 Husbandry
nipsribs
11:48 Feudal Age
16:43 Castle Age
14:54 Fletching
15:43 Padded Archer Armor
15:37 Double-Bit Axe
17:41 Leather Archer Armor
17:32 Bodkin Arrow
17:27 Crossbowman
29:05 Ballistics
45:11 Imperial Age
50:52 Imperial Age
49:22 Masonry
52:56 Chemistry
52:24 Pikeman
53:09 Squires
52:57 Arson
Phu Thuy
4:54 Loom
11:34 Feudal Age
12:28 Double-Bit Axe
12:27 Horse Collar
15:26 Castle Age
16:37 Bow Saw
hianyzol
10:58 Feudal Age
11:32 Double-Bit Axe
17:05 Castle Age
15:12 Horse Collar
15:58 Gold Mining
17:28 Light Cavalry
18:14 Stone Mining
18:44 Forging
22:10 Scale Barding Armor
25:37 Chain Barding Armor
28:44 Iron Casting
29:22 Fortified Wall
29:51 Fletching
用户1623433
11:03 Feudal Age
12:52 Horse Collar
13:00 Double-Bit Axe
14:52 Wheelbarrow
22:16 Castle Age
22:09 Gold Mining
23:46 Forging
23:42 Scale Barding Armor
25:58 Gold Shaft Mining
24:58 Capped Ram
26:16 Heavy Plow
26:28 Bow Saw
29:15 Bloodlines
29:44 Iron Casting
29:30 Chain Barding Armor
31:56 Elite Skirmisher
35:03 Hand Cart
35:17 Fletching
神采飞扬
8:40 Loom
11:58 Feudal Age
15:11 Castle Age
13:14 Horse Collar
13:19 Double-Bit Axe
14:22 Gold Mining
16:29 Heavy Plow
21:27 Bow Saw
25:20 Fervor
25:48 Wheelbarrow
25:52 Town Watch
26:55 Devotion
27:40 Bloodlines
27:30 Husbandry
28:06 Ballistics
28:13 Scale Barding Armor
28:19 Forging
28:34 Fletching
30:46 Iron Casting
30:31 Chain Barding Armor
30:54 Tusk Swords
43:42 Bodkin Arrow
45:59 Hand Cart
49:53 Imperial Age
Connection lost

Rejoining the realm…

Still unreachable

The connection could not be restored.

Session expired

The server has moved on; the page needs a fresh start.